 Dungeon Crawl Stone Soup version 0.29-a0-344-ge2f44be95a (webtiles) character file.

Game seed: 11403265896221481319

15 GabrielManson the Covert (level 2, -1/29 HPs)
             Began as a Gnoll Delver on Apr 21, 2022.
             Slain by an iguana (3 damage)
             ... on level 5 of the Dungeon.
             The game lasted 00:03:02 (262 turns).

GabrielManson the Covert (Gnoll Delver)              Turns: 262, Time: 00:03:02

Health: -1/29      AC:  5    Str: 11    XL:     2   Next: 50%
Magic:  2/2        EV: 13    Int:  9    God:
Gold:   0          SH:  0    Dex: 13    Spells: 1/1 levels left

rFire   . . .      SeeInvis .     - Unarmed
rCold   . . .      Faith    .   (no shield)
rNeg    . . .      Spirit   .   a - +0 leather armour
rPois   .          Reflect  .   (no helmet)
rElec   .          Harm     .   (no cloak)
rCorr   .          Rampage  .   g - +1 pair of gloves
Will    .....                   (no boots)
Stlth   ++++......              (no amulet)
HPRegen 0.09/turn               (no ring)
MPRegen 0.08/turn               (no ring)

@: no status effects
A: fangs 1, strong nose, distributed training
a: no special abilities


You were on level 5 of the Dungeon.
You visited 1 branch of the dungeon, and saw 2 of its levels.

Inventory:

Armour
 a - a +0 leather armour (worn)
 g - a +1 pair of gloves (worn)
Wands
 f - a wand of digging (3)
 h - a wand of paralysis (2)
Scrolls
 b - a scroll of fog
 c - a scroll of magic mapping
 d - a scroll of fear
Potions
 e - a potion of haste


   Skills:
 + Level 6.5 Fighting
 + Level 0.4 Short Blades
 + Level 0.4 Long Blades
 + Level 0.4 Axes
 + Level 0.4 Maces & Flails
 + Level 0.4 Polearms
 + Level 0.4 Staves
 + Level 0.4 Slings
 + Level 0.4 Bows
 + Level 0.4 Crossbows
 + Level 0.4 Throwing
 + Level 0.4 Armour
 + Level 4.5 Dodging
 + Level 9.5 Stealth
 + Level 0.4 Shields
 + Level 4.5 Unarmed Combat
 + Level 0.4 Spellcasting
 + Level 0.2 Conjurations
 + Level 0.2 Hexes
 + Level 0.2 Summonings
 + Level 0.2 Necromancy
 + Level 0.2 Translocations
 + Level 0.2 Transmutations
 + Level 0.2 Fire Magic
 + Level 0.2 Ice Magic
 + Level 0.2 Air Magic
 + Level 0.2 Earth Magic
 + Level 0.2 Poison Magic
 + Level 0.5 Invocations
 + Level 0.4 Evocations


You had one spell level left.
You didn't know any spells.
Your spell library contained the following spells:

 Spells                   Type           Power      Damage    Failure   Level
 Portal Projectile        Hex/Tloc       0%         N/A       80%         3
 Leda's Liquefaction      Hex/Erth       0%         N/A       99%         4
 Borgnjor's Vile Clutch   Necr/Erth      0%         N/A       100%        5
 Summon Mana Viper        Hex/Summ       0%         N/A       100%        5


Dungeon Overview and Level Annotations

Branches:
Dungeon (5/15)
 Temple: D:4-7

Altars:


Innate Abilities, Weirdness & Mutations

You have very sharp teeth.
Your uncanny sense of smell can sniff out nearby items.
Your experience applies equally to all skills.


Message History

You can't go up here!
Unknown command.
You climb downwards.
There is a stone staircase leading up here.
An iguana comes into view.
The iguana hisses angrily.
You hit the iguana.
The iguana is moderately wounded.
You completely miss the iguana.
The iguana is moderately wounded.
The iguana bites you!
You barely miss the iguana.
The iguana is moderately wounded.
The iguana bites you but does no damage.
You hit the iguana but do no damage.
The iguana is moderately wounded.
The iguana completely misses you.
You hit the iguana.
The iguana is heavily wounded.
The iguana bites you!
You hit the iguana but do no damage.
The iguana is heavily wounded.
The iguana barely misses you.
You barely miss the iguana.
The iguana is heavily wounded.
The iguana misses you.
You hit the iguana.
The iguana is severely wounded.
The iguana bites you.
You barely miss the iguana.
The iguana is severely wounded.
The iguana misses you.
You hit the iguana.
The iguana is severely wounded.
The iguana bites you!
* * * LOW HITPOINT WARNING * * *
You hit the iguana. You bite the iguana, but do no damage.
The iguana is severely wounded.
The iguana bites you.
You die...

#.# ∆ ########.####
#...........#
#.######.##.# #.#
###.##.# #.#
#....##.#
#.##.#.####.#
########. #.#.###
#.###........ #..##
#....@l...... #.#.##
#...##.#.#####
#.#..#..............
#.#.#.####...##.#.###
#.#.#.# ##.###.#.#
#.<...# #.# #.. .
#..#........# #.# ##
##....#####.. ..#
##...#


You could see an iguana.

Vanquished Creatures
  An adder (D:4)
  An ufetubus (D:5)
2 creatures vanquished.

Notes
Turn   | Place    | Note
-------+----------+-------------------------------------------
     0 | D:5      | Reached skill level 9 in Stealth
     0 | D:5      | GabrielManson the Gnoll Delver began the quest for the Orb.
     0 | D:5      | Reached XP level 1. HP: 23/23 MP: 1/1
     8 | D:5      | Got Imelav's Grimoire of the Ashen Oath
   175 | D:4      | Reached XP level 2. HP: 26/29 MP: 2/2
   262 | D:5      | Slain by an iguana

Illustrated notes

Levels and vault maps discovered:
D:4:      layout_basic, uniq_pikel
D:5:      cheibrodos_quashed, layout_loops_ring, mainiacjoe_overflow_swirl

Skill      XL: | |
---------------+-+-----
Stealth        | |  9.5
Fighting       | |  6.5
Short Blades   | |  0.4
Long Blades    | |  0.4
Axes           | |  0.4
Maces & Flails | |  0.4
Polearms       | |  0.4
Staves         | |  0.4
Slings         | |  0.4
Bows           | |  0.4
Crossbows      | |  0.4
Throwing       | |  0.4
Armour         | |  0.4
Dodging        | |  4.5
Shields        | |  0.4
Unarmed Combat | |  4.5
Spellcasting   | |  0.4
Conjurations   | |  0.2
Hexes          | |  0.2
Summonings     | |  0.2
Necromancy     | |  0.2
Translocations | |  0.2
Transmutations | |  0.2
Fire Magic     | |  0.2
Ice Magic      | |  0.2
Air Magic      | |  0.2
Earth Magic    | |  0.2
Poison Magic   | |  0.2
Invocations    | |  0.5
Evocations     | |  0.4

Action                   || total
-------------------------++-------
Melee: Unarmed           ||    20
       Bite              ||     3
 Stab: Sleeping          ||     1
Armor: Leather armour    ||     2
Dodge: Dodged            ||    13

Table legend: (Time is in decaauts)
 A = Elapsed time spent in this place.
 B = Non-inter-level travel time spent in this place.
 C = Inter-level travel time spent in this place.
 D = Time resting spent in this place.
 E = Time spent auto-exploring this place.
 F = Levels seen in this place.
 G = Mean time per level.
                   A        B        C        D        E       F      G
               +--------+--------+--------+--------+--------+-----+--------+
         Total |    260 |    260 |      0 |    128 |     10 |   2 |  130.0 |
       Dungeon |    260 |    260 |      0 |    128 |     10 |   2 |  130.0 |
               +--------+--------+--------+--------+--------+-----+--------+

Top non-repeatable levels by time:
     D:5: 210 daAuts
     D:4: 50 daAuts
